Map: Oxide LE

Players

YeraldSC

  • Race: Terran Terran
  • League: Grandmaster
  • Spawn Location: 1:00

Maplez - Winner!

  • Race: Protoss Protoss
  • League: Grandmaster
  • Spawn Location: 7:00

VOD

Have the link to the VOD?

Description

Time

  • Played on: Feb. 5, 2021, 10:33 a.m.
  • Length: 15:28
Show
View Real Time Build Order
Export as new Build Order

YeraldSC Terran 

Build Orders:  

Get SALT Encoding   

  12  0:00  SCV  
  13  0:12  SCV  
  14  0:17  Supply Depot  
  14  0:24  SCV  
  15  0:39  SCV  
  15  0:40  Barracks  
  16  0:44  Refinery  
  16  0:51  SCV  
  17  1:03  SCV  
  18  1:15  SCV  
  19  1:27  SCV  
  19  1:31  Reaper  
  21  1:39  Orbital Command  
  21  1:50  Command Center  
  21  1:59  Supply Depot  
  21  2:05  SCV  
  21  2:06  Marine  
  23  2:15  Factory  
  23  2:20  SCV  
  24  2:24  Marine  
  24  2:29  Bunker  
  25  2:32  SCV  
  26  2:43  Marine  
  27  2:48  SCV  
  28  2:51  Refinery  
  28  3:00  SCV  
  28  3:05  Orbital Command  
  29  3:08  Barracks Reactor  
  29  3:09  Widow Mine  
  29  3:10  Starport  
  29  3:12  SCV  
  32  3:24  SCV  
  33  3:32  SCV  
  33  3:33  Widow Mine  
  36  3:36  SCV  
  36  3:38  Supply Depot  
  37  3:44  SCV, Marine x2  
  37  3:46  Medivac  
  42  3:48  SCV  
  43  3:56  SCV  
  43  4:02  SCV, Marine x2  
  43  4:14  SCV  
  44  4:20  Marine x2  
  44  4:22  Factory Tech Lab, Starport Tech Lab  
  45  4:26  Barracks  
  45  4:29  Barracks  
  46  4:31  SCV x2, Supply Depot  
  46  4:38  Marine x2  
  49  4:42  Siege Tank  
  52  4:46  SCV  
  52  4:48  Engineering Bay  
  52  4:51  SCV  
  54  4:52  Raven  
  54  4:57  Supply Depot  
  54  4:58  SCV  
  54  4:59  Refinery  
  57  5:01  Marine x2  
  57  5:04  SCV  
  60  5:10  SCV  
  61  5:14  Refinery  
  61  5:16  SCV  
  61  5:19  Siege Tank  
  65  5:21  Marine x2  
  65  5:22  SCV  
  68  5:28  SCV  
  68  5:31  Barracks Tech Lab  
  68  5:33  Terran Infantry Weapons Level 1  
  68  5:34  SCV  
  67  5:39  Marine x2  
  67  5:40  SCV  
  68  5:46  SCV  
  69  5:52  SCV  
  70  6:09  SCV x2, Marine x2, Marauder  
  70  6:11  Supply Depot  
  76  6:12  Stimpack  
  76  6:19  Supply Depot  
  76  6:21  SCV  
  77  6:26  Marine  
  77  6:28  Marine  
  77  6:32  SCV, Siege Tank, Marauder  
  84  6:34  Combat Shield, Marauder  
  86  6:41  SCV  
  86  6:42  Starport Reactor  
  87  6:47  SCV  
  87  6:49  Marine x2  
  87  6:54  SCV  
  87  7:00  SCV  
  87  7:01  Marauder x2  
  93  7:09  Command Center, Marine  
  94  7:16  Supply Depot x2  
  94  7:26  SCV  
  94  7:30  Marine  
  94  7:34  Terran Infantry Armor Level 1  
  94  7:36  SCV, Command Center, Siege Tank, Medivac x2  
  102  7:38  SCV, Marine  
  102  7:39  Marauder x2  
  108  7:46  Barracks  
  108  7:47  Marine, Barracks  
  108  7:48  SCV  
  108  7:51  SCV  
  111  7:55  Supply Depot  
  111  8:00  SCV, Marauder  
  111  8:03  SCV  
  111  8:13  Marine  
  111  8:14  Siege Tank, Marauder  
  104  8:21  Marine, Marauder  
  104  8:22  SCV  
  104  8:25  SCV  
  108  8:30  Medivac x2  
  108  8:33  Missile Turret  
  112  8:38  Barracks Reactor  
  112  8:40  SCV, Barracks Tech Lab  
  110  8:47  Siege Tank, Marine x2, Marauder  
  111  8:58  SCV x2  
  111  8:59  Marine  
  111  9:00  Marauder  
  114  9:04  Marine  
  114  9:06  Marine  
  114  9:09  Marauder  
  115  9:10  SCV  
  115  9:14  SCV  
  105  9:18  Marauder  
  105  9:23  SCV  
  104  9:26  SCV, Orbital Command  
  104  9:28  Missile Turret  
  104  9:35  SCV  
  93  9:40  Marine x2  
  93  9:41  Marauder  
  93  9:43  SCV  
  93  9:47  SCV, Marine, Marauder, Medivac  
  93  9:48  Medivac  
  93  9:51  Siege Tank  
  104  9:55  SCV  
  105  10:00  Marine x2, Marauder  
  105  10:01  Marine  
  105  10:02  Marauder  
  105  10:06  Marine  
  113  10:09  Marauder  
  115  10:17  Marine  
  115  10:18  Marine  
  115  10:19  Supply Depot  
  115  10:20  Supply Depot  
  117  10:23  Siege Tank  
  117  10:25  Liberator x2  
  126  10:30  Marauder  
  126  10:34  Marine, Marauder  
  131  10:40  Marine, Marauder  
  131  10:42  Marine  
  132  10:48  Marine  
  131  10:52  Marauder  
  131  10:54  Marine  
  131  10:56  Siege Tank, Marauder  
  133  11:02  Marauder  
  133  11:03  Missile Turret  
  134  11:06  Missile Turret  
  134  11:12  Liberator x2  
  134  11:13  Marine, Marauder  
  134  11:17  Supply Depot  
  143  11:20  Supply Depot, Marauder  
  145  11:28  Siege Tank, Marine  
  149  11:39  Supply Depot, Marine x2, Marauder x2  
  155  11:41  Supply Depot  
  155  11:46  Marine  
  137  11:47  Marauder  
  137  11:49  Marine  
  119  11:58  Marine  
  119  12:01  Liberator, Marauder x2  
  125  12:04  Marine x2  
  125  12:08  Marine, Marauder  
  123  12:13  SCV  
  113  12:19  Marine  
  113  12:22  Marauder x2  
  117  12:24  Marine  
  117  12:26  Siege Tank, Marine  
  124  12:30  Marauder  
  124  12:32  Marine  
  124  12:36  Marine  
  105  12:42  Marine  
  105  12:43  Marauder x2  
  104  12:44  SCV x2  
  104  12:47  Marine  
  104  12:49  Marine  
  110  12:51  Marauder  
  110  12:54  Marine  
  110  12:56  SCV x2  
  110  12:58  SCV  
  114  13:03  Liberator  
  117  13:06  Marine  
  117  13:07  Marine, Marauder  
  117  13:08  SCV  
  122  13:19  Marine x2  
  106  13:20  Marauder  
  105  13:28  Marine  
  105  13:29  Marine, Marauder  
  105  13:33  Siege Tank  
  109  13:38  Marine x2, Marauder  
  109  13:40  SCV x2  
  109  13:41  Marine  
  116  13:44  SCV  
  116  13:46  Marine  
  118  13:50  Marauder  
  118  13:52  SCV  
  118  13:53  Command Center  
  121  14:01  Medivac  
  121  14:02  Marine, Marauder  
  126  14:11  Marine, Marauder  
  126  14:14  Marine x2, Marauder  
  133  14:19  Marine  
  133  14:24  Marauder  
  136  14:29  Marine  
  137  14:33  Marauder  
  133  14:45  Siege Tank  
  133  14:46  Marine x2, Marauder  
  133  14:47  Marine  
  133  14:48  Marine x2  
  140  14:53  Marine  
  122  15:04  Marine x3  
  122  15:05  Marine  
  122  15:06  Marauder  
Show
View Real Time Build Order
Export as new Build Order

Maplez Protoss - Winner!

Build Orders: Zealot Archon, Archon Drop, Dark Templar Rush 

Get SALT Encoding   

  12  0:00  Probe  
  13  0:12  Probe  
  14  0:18  Pylon  
  14  0:24  Probe (Chrono Boost)  
  15  0:37  Gateway  
  15  0:38  Probe (Chrono Boost)  
  15  0:42  Probe (Chrono Boost)  
  16  0:46  Assimilator  
  17  0:53  Probe  
  18  1:05  Probe  
  19  1:17  Probe  
  20  1:26  Zealot, Cybernetics Core  
  20  1:30  Probe  
  23  1:46  Nexus  
  23  1:54  Pylon  
  23  2:03  Assimilator  
  23  2:08  Warp Gate  
  23  2:09  Adept (Chrono Boost)  
  23  2:14  Shield Battery  
  25  2:16  Probe  
  26  2:28  Probe  
  26  2:29  Adept (Chrono Boost)  
  29  2:46  Probe  
  29  2:47  Twilight Council  
  28  2:52  Adept  
  31  2:59  Probe (Chrono Boost)  
  31  3:02  Probe (Chrono Boost)  
  34  3:13  Probe (Chrono Boost)  
  34  3:15  Probe (Chrono Boost)  
  34  3:17  Robotics Facility  
  34  3:20  Probe (Chrono Boost)  
  34  3:22  Probe, Stalker  
  38  3:30  Probe (Chrono Boost)  
  39  3:37  Dark Shrine  
  40  3:42  Probe x2 (Chrono Boost)  
  41  3:50  Pylon  
  41  3:53  Probe (Chrono Boost)  
  42  3:58  Probe  
  42  4:02  Probe  
  44  4:10  Probe  
  44  4:12  Warp Prism (Chrono Boost)  
  44  4:14  Probe  
  46  4:22  Pylon  
  46  4:23  Probe  
  45  4:25  Stalker  
  45  4:26  Probe  
  45  4:29  Gateway  
  45  4:30  Gateway  
  48  4:32  Pylon  
  48  4:38  Probe  
  48  4:40  Pylon  
  48  4:41  Observer  
  50  4:46  Probe  
  50  4:47  Pylon  
  50  4:50  Assimilator  
  50  4:51  Assimilator  
  51  4:53  Probe  
  51  4:58  Probe  
  53  5:05  Probe  
  54  5:10  Probe, Dark Templar  
  57  5:17  Nexus, Probe  
  58  5:22  Probe  
  58  5:25  Dark Templar  
  59  5:30  Probe  
  59  5:34  Dark Templar x2  
  64  5:41  Probe  
  65  5:43  Probe  
  65  5:48  Blink (Chrono Boost)  
  64  5:54  Probe  
  65  5:59  Gateway, Probe  
  65  6:00  Forge, Pylon  
  65  6:03  Dark Templar  
  68  6:05  Archon  
  68  6:07  Dark Templar  
  68  6:08  Stalker  
  68  6:10  Probe  
  68  6:11  Probe  
  74  6:12  Pylon  
  74  6:13  Archon  
  74  6:21  Observer  
  74  6:22  Probe  
  74  6:23  Probe, Pylon  
  74  6:25  Pylon  
  77  6:28  Protoss Ground Weapons Level 1 (Chrono Boost)  
  77  6:30  Probe  
  78  6:34  Probe  
  78  6:35  Probe  
  80  6:40  Stalker  
  80  6:43  Probe  
  80  6:45  Photon Cannon  
  80  6:46  Probe  
  84  6:51  Photon Cannon  
  82  6:55  Probe  
  82  6:56  Warp Prism  
  82  6:59  Observer  
  85  7:03  Stalker x3  
  85  7:07  Stalker  
  93  7:16  Pylon  
  93  7:19  Pylon  
  93  7:20  Photon Cannon  
  93  7:24  Photon Cannon  
  93  7:29  Zealot x3  
  99  7:30  Charge (Chrono Boost)  
  99  7:34  Gateway  
  95  7:38  Zealot  
  95  7:41  Assimilator  
  95  7:43  Assimilator  
  97  7:55  Forge  
  97  7:57  Nexus  
  97  7:59  Pylon  
  97  8:03  Stalker x4  
  105  8:07  Shield Battery  
  81  8:22  Pylon  
  81  8:23  Dark Templar  
  83  8:27  Gateway  
  83  8:30  Dark Templar  
  83  8:33  Zealot x2  
  83  8:34  Zealot  
  91  8:36  Protoss Ground Weapons Level 2 (Chrono Boost), Pylon  
  91  8:39  Protoss Ground Armor Level 1 (Chrono Boost)  
  85  8:42  Observer  
  79  8:52  Dark Templar  
  79  8:53  Immortal (Chrono Boost)  
  81  8:59  Zealot x3  
  89  9:07  Dark Templar  
  82  9:27  Stalker x5  
  88  9:40  Observer  
  88  9:44  Zealot  
  88  9:45  Probe x4  
  89  9:47  Photon Cannon  
  89  9:52  Zealot x4  
  96  9:53  Zealot  
  96  9:57  Probe  
  96  9:58  Probe x2  
  103  10:00  Probe  
  104  10:09  Probe  
  104  10:10  Zealot  
  104  10:11  Gateway  
  104  10:12  Gateway  
  107  10:14  Gateway  
  107  10:15  Dark Templar x4  
  107  10:16  Gateway x2  
  107  10:19  Zealot  
  117  10:22  Archon  
  117  10:23  Archon  
  117  10:24  Probe  
  118  10:30  Robotics Facility  
  118  10:32  Robotics Bay, Immortal (Chrono Boost)  
  118  10:34  Pylon  
  122  10:41  Zealot  
  122  10:42  Dark Templar  
  126  10:43  Observer  
  126  10:46  Observer  
  126  10:49  Stalker x4  
  128  10:51  Probe  
  128  10:53  Protoss Ground Armor Level 2 (Chrono Boost)  
  127  10:58  Probe x2  
  127  11:01  Dark Templar  
  128  11:13  Zealot x4  
  128  11:14  Zealot x6  
  128  11:17  Disruptor x2 (Chrono Boost)  
  154  11:34  Protoss Ground Weapons Level 3 (Chrono Boost)  
  154  11:42  Nexus  
  136  11:52  Zealot  
  136  11:53  Zealot x10  
  138  11:57  Disruptor  
  127  12:08  Disruptor  
  127  12:13  Zealot x2  
  127  12:14  Zealot x6  
  146  12:17  Stalker  
  146  12:22  Stalker x2  
  148  12:26  Disruptor  
  111  12:45  Stalker x8  
  127  12:52  Zealot x3  
  123  13:22  Zealot x11  
  143  13:33  Colossus x2  
  155  13:35  Extended Thermal Lance  
  155  13:46  Dark Templar x2  
  155  13:47  Dark Templar x2, Zealot x2  
  167  13:49  Zealot  
  167  13:51  Archon x2  
  169  13:59  Pylon  
  167  14:13  Probe x4  
  167  14:14  Probe  
  167  14:15  Assimilator  
  172  14:17  Assimilator  
  172  14:21  Dark Templar x5  
  172  14:22  Zealot x3  
  188  14:25  Probe  
  188  14:28  Stalker x2  
  188  14:29  Stalker  
  188  14:45  Probe  
  189  14:49  Zealot x3  
  187  15:02  Probe  
  187  15:05  Probe  
  164  15:25  Zealot x11  
Tags
 
Add a new tag
Caveats
  • Supply blocks, unpowered buildings, or Contaminate may cause inaccurate times.
  • Supply counts are checked every 10 seconds.